 Dungeon Crawl Stone Soup version 0.31-a0-960-g0fca184906 (webtiles) character file.

Game seed: 4551583859609584751

1662767 Gladio the Conqueror (level 26, 266/266 HPs)
             Began as a Ghoul Gladiator on Oct 23, 2023.
             Was the Champion of Ru.
             Escaped with the Orb
             ... and 3 runes!
             The game lasted 02:47:57 (69740 turns).

Gladio the Conqueror (Ghoul Gladiator)             Turns: 69740, Time: 02:47:58

Health: 266/266    AC: 60    Str: 33    XL:     26
Magic:  22/22      EV:  7    Int:  3    God:    Ru [******]
Gold:   5945       SH: 24    Dex:  8    Spells: 25/25 levels left

rFire   + .          .
                       - Unarmed
rCold   + . .        I - +1 tower shield {rN+}
rNeg    + + +        Y - +12 gold dragon scales
rPois   ∞            r - +1 helmet of Modesty {rPois Regen+ Str+3}
rElec   +            S - +4 dragonskin cloak
rCorr   +            (no gloves)
SInv    .            w - +2 pair of boots
Will    +....        U - amulet of reflection Stlth
                     e - ring of the Omega Point {rElec rF+ rCorr AC+4}
HPRegen 1.44/turn    X - ring of the Tortoise {AC+8}
MPRegen 0.18/turn

%: reflection
@: studying Long Blades
A: claws 1, clumsy 1, cold resistance 1, negative energy resistance 3, inhibited
regeneration, torment resistance 2, no stealth, inability to train dodging, no
conjurations magic, no hexes magic, no poison magic, inexperienced 1,
temperature sensitive, devour on kill
0: Orb of Zot
}: 3/15 runes: barnacled, slimy, gossamer
a: Renounce Religion, Draw Out Power, Power Leap, Apocalypse


You escaped.
You worshipped Ru.
Ru was exalted by your worship.
You visited 12 branches of the dungeon, and saw 53 of its levels.
You visited the Abyss 1 time.
You also visited: Trove, Ossuary and Gauntlet.

You collected 6778 gold pieces.
You spent 833 gold pieces at shops.

Inventory:

Missiles
 c - 9 throwing nets
 d - 10 darts of dispersal
 f - 14 atropa-tipped darts
 h - 13 silver javelins
 j - 7 curare-tipped darts
 u - 21 javelins
 K - 48 poisoned darts
 Z - 56 boomerangs (quivered)
Armour
 r - the +1 helmet of Modesty (worn) {rPois Regen+ Str+3}
   (You found it on level 1 of the Realm of Zot)

   Str+3:     It affects your strength (+3).
   rPois:     It protects you from poison Regen+: It increases your rate of
   health regeneration.
 s - a scarf of resistance
 w - a +2 pair of boots (worn)
 I - a +1 tower shield of positive energy (worn)
 S - the +4 dragonskin cloak (worn)
   (You took it off Tiamat on level 4 of the Realm of Zot)

   Avatar's Aegis: It grants the wearer a chance to resist fire, cold, poison,
   electricity, acid, and negative energy.
 Y - +12 gold dragon scales (worn)
Jewellery
 e - the ring of the Omega Point (left claw) {rElec rF+ rCorr AC+4}
   (You found it on level 2 of the Orcish Mines)

   [ring of protection]

   AC+4:      It affects your AC (+4).
   rF+:       It protects you from fire.
   rElec:     It insulates you from electricity.
   rCorr:     It protects you from acid and corrosion.
 v - a ring of ice
 C - the ring of Wu Jian's Wrath {+Blink rCorr Int+6 Dex+2 SInv}
   (You found it on level 5 of the Pits of Slime)

   [ring of intelligence]

   Int+6:     It affects your intelligence (+6).
   Dex+2:     It affects your dexterity (+2).
   SInv:      It lets you see invisible.
   +Blink:    It lets you blink.
   rCorr:     It protects you from acid and corrosion.
 N - the ring of Xom's Whimsicality {Fly rElec rC++}
   (You acquired it on level 13 of the Dungeon)

   [ring of flight]

   rC++:      It greatly protects you from cold.
   rElec:     It insulates you from electricity.
   Fly:       It grants you flight.
 Q - a ring of fire
 T - a ring of willpower
 U - an amulet of reflection (around neck)
 X - the ring of the Tortoise (right claw) {AC+8}
   (You found it on level 5 of the Pits of Slime)

   [ring of protection]

   AC+8:      It affects your AC (+8).
Wands
 a - a wand of iceblast (72)
 F - a wand of digging (5)
 L - a wand of polymorph (45)
Scrolls
 g - 4 scrolls of immolation
 n - 3 scrolls of silence
 y - 4 scrolls of blinking
 B - 26 scrolls of identify
 D - 5 scrolls of noise
 E - 9 scrolls of fear
 G - 19 scrolls of teleportation
 J - 10 scrolls of fog
 M - a scroll of summoning
 R - 4 scrolls of poison
 W - 2 scrolls of torment
Potions
 l - 5 potions of attraction
 m - 3 potions of heal wounds
 o - 5 potions of magic
 p - 29 potions of curing
 q - 7 potions of resistance
 t - 6 potions of ambrosia
 x - 5 potions of haste
 A - 6 potions of cancellation
 H - 11 potions of might
 O - 6 potions of invisibility
Miscellaneous
 b - a box of beasts
 i - a phial of floods
 k - a lightning rod (4/4)
 z - a phantom mirror


   Skills:
 O Level 27 Fighting
 + Level 18.2 Throwing
 + Level 21.0 Armour
 + Level 16.9 Shields
 + Level 25.9 Unarmed Combat


You had 25 spell levels left.
You didn't know any spells.
Your spell library contained the following spells:

 Spells                   Type           Power      Damage    Failure   Level
 Apportation              Tloc           0%         N/A       100%        1
 Necrotise                Necr           0%         1d4       100%        1
 Sandblast                Erth           0%         2d4       100%        1
 Summon Small Mammal      Summ           0%         N/A       100%        1
 Call Imp                 Summ           0%         N/A       100%        2
 Passwall                 Tmut/Erth      0%         N/A       100%        2
 Scorch                   Fire           0%         2d5       100%        2
 Call Canine Familiar     Summ           0%         N/A       100%        3
 Gell's Gravitas          Tloc           0%         N/A       100%        3
 Swiftness                Air            0%         N/A       100%        3
 Teleport Other           Tloc           0%         N/A       100%        3
 Volatile Blastmotes      Fire/Tloc      0%         2d10      100%        3
 Animate Armour           Summ/Erth      0%         N/A       100%        4
 Dispel Undead            Necr           0%         3d6       100%        4
 Manifold Assault         Tloc           0%         N/A       100%        4
 Passage of Golubria      Tloc           0%         N/A       100%        4
 Petrify                  Tmut/Erth      0%         N/A       100%        4
 Summon Lightning Spire   Summ/Air       0%         N/A       100%        4
 Vhi's Electric Charge    Tloc/Air       0%         N/A       100%        4
 Lee's Rapid Deconstruct  Erth           0%         3d4*      100%        5
 Summon Forest            Summ/Tloc      0%         N/A       100%        5
 Dispersal                Tloc           0%         N/A       100%        6
 Plasma Beam              Fire/Air       0%         2x1d10    100%        6
 Summon Cactus Giant      Summ           0%         N/A       100%        6
 Malign Gateway           Summ/Tloc      0%         N/A       100%        7
 Summon Hydra             Summ           0%         N/A       100%        7
 Disjunction              Tloc           0%         N/A       100%        8
 Ignition                 Fire           0%         3d3       100%        8
 Infestation              Necr           0%         N/A       100%        8
 Maxwell's Capacitive Co  Air            0%         ∞         100%        8
 Summon Horrible Things   Summ           0%         N/A       100%        8
 Dragon's Call            Summ           0%         N/A       100%        9
 Foxfire                  Conj/Fire      Unusable   2x1d4     N/A         1
 Magic Dart               Conj           Unusable   1d3       N/A         1
 Cigotuvi's Dreadful Rot  Necr/Pois/Air  Unusable   N/A       N/A         2
 Ensorcelled Hibernation  Hex/Ice        Unusable   N/A       N/A         2
 Jinxbite                 Hex            Unusable   N/A       N/A         2
 Sublimation of Blood     Necr           Unusable   N/A       N/A         2
 Wereblood                Tmut           Unusable   N/A       N/A         2
 Ignite Poison            Fire/Tmut/Pois Unusable   N/A       N/A         3
 Mephitic Cloud           Conj/Pois/Air  Unusable   N/A       N/A         3
 Summon Guardian Golem    Hex/Summ       Unusable   N/A       N/A         3
 Tukima's Dance           Hex            Unusable   N/A       N/A         3
 Anguish                  Hex/Necr       Unusable   N/A       N/A         4
 Brom's Barrelling Bould  Conj/Erth      Unusable   2d3       N/A         4
 Cause Fear               Hex            Unusable   N/A       N/A         4
 Flame Wave               Conj/Fire      Unusable   2d4       N/A         4
 Fulminant Prism          Conj/Hex       Unusable   3d5       N/A         4
 Iskenderun's Mystic Bla  Conj/Tloc      Unusable   2d3       N/A         4
 Olgreb's Toxic Radiance  Pois           Unusable   N/A       N/A         4
 Sticky Flame             Conj/Fire      Unusable   2d3       N/A         4
 Arcjolt                  Conj/Air       Unusable   1d10      N/A         5
 Fireball                 Conj/Fire      Unusable   3d3       N/A         5
 Freezing Cloud           Conj/Ice/Air   Unusable   6-21      N/A         5
 Irradiate                Conj/Tmut      Unusable   3d11      N/A         5
 Iskenderun's Battlesphe  Conj           Unusable   2d6       N/A         5
 Summon Mana Viper        Hex/Summ       Unusable   N/A       N/A         5
 Yara's Violent Unravell  Hex/Tmut       Unusable   3d3       N/A         5
 Conjure Ball Lightning   Conj/Air       Unusable   3x3d6     N/A         6
 Starburst                Conj/Fire      Unusable   6d3       N/A         6
 Orb of Destruction       Conj           Unusable   9d5       N/A         7
 Discord                  Hex            Unusable   N/A       N/A         8

Dungeon Overview and Level Annotations

Branches:
Dungeon (15/15)            Temple (1/1) D:5            Lair (5/5) D:11
 Shoals (4/4) Lair:3       Spider (4/4) Lair:3        Slime (5/5) Lair:4
    Orc (2/2) D:9             Elf (3/3) Orc:2        Vaults (4/5) D:13
  Crypt (1/3) Vaults:2     Depths (4/4) D:15            Zot (5/5) Depths:4
Ossuary (visited)         Gauntlet (visited)

Altars:
Ashenzari
Cheibriados
Dithmenos
Fedhas
Gozag
Hepliaklqana
Kikubaaqudgha
Makhleb
Nemelex Xobeh
Okawaru
Qazlal
Ru
Sif Muna
Trog
Uskayaw
Vehumet
Wu Jian
Xom
Yredelemnul
Jiyva
Lugonu

Shops:
D:13 !   Orc:1 *   Orc:2 [(=*   Elf:2 !   Shoals:1 *   Vaults:3 [*

Portals:
Hell: Depths:1 Depths:2 Depths:3 Depths:4
Abyss: Depths:2 Depths:3
Pandemonium: Depths:2
Ziggurat: Depths:1

Annotations:
D:15 exclusion: door
Elf:1 3 runed translucent doors
Depths:1 exclusions: eye of devastation, 2 glass eyes, great orb of eyes and 1 more exclusion
Depths:3 exclusion: upstairs


Innate Abilities, Weirdness & Mutations

You are immune to poison.
You have sharp fingernails.
You are clumsy. (Dex -2)
Your flesh is cold resistant. (rC+)
You are immune to negative energy. (rN+++)
You do not regenerate when monsters are visible.
You are immune to unholy pain and torment.
You cannot be stealthy.
You cannot train Dodging skill.
You cannot study or cast Conjurations magic.
You cannot study or cast Hexes magic.
You cannot study or cast Poison magic.
You are somewhat inexperienced. (-1 XL)
You are sensitive to extremes of temperature. (rF-, rC-)
You thrive by killing the living.


Message History

No target in view!
No target in view!
No target in view!
No target in view!
No target in view!
No target in view!
No target in view!
No target in view!
What level of the Dungeon? (default 1, ? - help)
There is a stone staircase leading up here.
You climb upwards.
There is a stone staircase leading down here.
There is a stone staircase leading up here.
You climb upwards.
There is a stone staircase leading down here.
A balrug and 2 sun demons come into view.
The balrug is wielding a +1 antimagic demon whip.
A sun demon comes into view.
The sun demon shouts! x2
The balrug gestures at you.
The fireball explodes!
The fireball engulfs the sun demon.
The sun demon completely resists.
The fireball engulfs you! You resist. You block the sun demon's attack.
There is a stone staircase leading up here.
You redirect the sun demon's attack!
The sun demon hits the sun demon!!
The sun demon is engulfed in flames.
The sun demon completely resists.
The balrug gestures at you.
The fireball explodes!
The fireball engulfs you but does no damage.
The fireball engulfs the sun demon.
The sun demon completely resists.
You climb upwards.
There is a stone staircase leading down here.
You eviscerate the sun demon!!!
You kill the sun demon!
You start resting.
HP restored.
Unknown command.
There is a staircase leading out of the dungeon here.
You have escaped!

#####..####.................>.#
#...#######.#####.####.##.#
##...## #.# #.........# ##...##
##.### ###....[..# ##...###....#
#.##.##.# ##...#.....# #.#..##.#
##........#####.#..##.#
##########........#^.>#.#.....###
................@.#####.##.###...
#########.........# #.##.# #.## #
#####.#########..#.# #.# ##
###.## #....#.#.# #.# .# ####..##
###.##...#.# #.# .#
###..>#######........#.# #.# .#
#....................#.# #.# .#
#.#...#######....#.....# #.#
#####.###########....###.#####.#


There were no monsters in sight!

Vanquished Creatures
  the Royal Jelly (Slime:5)
  Tiamat (Zot:4)
  A dread lich (Zot:5)
  An ancient lich (Zot:4)
  2 orbs of fire (Zot:5)
  2 juggernauts
  Sojobo (Vaults:4)
  5 Killer Klowns (Zot:5)
  Bai Suzhen (Spider:4)
  4 caustic shrikes (Depths:4)
  Saint Roka (Vaults:2)
  12 golden dragons
  Nikola (Lair:3)
  The ghost of Morbidden the Wrestler, an adept TrFi of Cheibriados (Depths:1)
  Jory (Vaults:3)
  Arachne (Spider:2)
  The ghost of Bnni the Messiah, an adept HOMo of Beogh (Depths:1)
  An iron giant (Depths:1)
  4 electric golems
  Jorgrun (Lair:3)
  17 tentacled monstrosities
  28 Orb Guardians
  Rupert (D:14)
  3 walking earthen tomes
  6 sphinxes
  A titan (Depths:4)
  4 liches
  2 deep elf master archers (Elf:3)
  5 deep elf blademasters
  7 quicksilver dragons
  A walking frostbound tome (Depths:4)
  Polyphemus (Shoals:4)
  10 death cobs
  16 acid blobs
  2 Executioners
  Kirke (Spider:1)
  2 tentacled starspawn (Abyss:2)
  The ghost of Mineep the Brawler, an adept TrSh of Uskayaw (Shoals:3)
  4 shadow dragons
  10 tengu reavers
  5 rockslimes (Slime:5)
  14 storm dragons
  6 azure jellies (Slime:5)
  A demonspawn warmonger (Depths:1)
  7 frost giants
  10 draconian monks
  2 draconian knights
  7 emperor scorpions
  8 vault wardens
  5 fire giants
  A balrug (Depths:4)
  9 deep elf sorcerers
  2 iron dragons
  The ghost of BinkBink the Acrobat, an adept SpHu of the Shining One (Depths:1)
  5 ghost moths
  7 draconian scorchers
  2 deep elf elementalists (Elf:3)
  3 draconian stormcallers
  6 draconian shifters
  3 cacodemons (Depths:1)
  An angel (Depths:1)
  16 ironbound preservers
  5 spriggan defenders
  A broodmother (Spider:2)
  A war gargoyle (Vaults:4)
  A demonspawn blood saint (Depths:4)
  A reaper (Depths:1)
  9 quicksilver oozes (Slime:5)
  4 orc warlords
  19 very ugly things
  10 stone giants
  12 green draconians
  4 draconian annihilators
  5 formless jellyfish
  6 ironbound thunderhulks
  9 deep elf demonologists
  3 dire elephants (Vaults:2)
  4 vampire knights
  8 black draconians
  The ghost of confidenceinterval the Impaler, a journeyman MfGl of Yredelemnul (Lair:3)
  11 red draconians
  8 deep elf annihilators
  A minotaur (Gauntlet)
  The ghost of Talonman3 the Zephyrmancer, a journeyman TeAE of Sif Muna (Orc:2)
  8 white draconians
  14 spark wasps
  4 yellow draconians
  9 deep elf death magi
  A green death (Abyss:2)
  8 purple draconians
  A crystal guardian (Vaults:2)
  12 yaktaur captains
  8 merfolk javelineers
  6 ettins
  5 merfolk impalers
  5 fire dragons
  7 ice dragons
  Fannar (Lair:3)
  3 entropy weavers
  4 deep elf high priests (Elf:3)
  11 hydras
  11 vault guards
  2 peacekeepers
  21 great orbs of eyes
  8 ironbound frosthearts
  3 merfolk avatars
  7 rakshasas
  A hell beast (Depths:1)
  A sphinx zombie (Crypt:1)
  4 spriggan air magi
  5 radroaches
  2 jorogumos
  2 death knights
  8 boulder beetles
  17 centaur warriors
  4 catoblepae
  24 dancing weapons
  An alligator snapping turtle (Shoals:3)
  4 satyrs
  3 deep troll shamans
  A death scarab (Spider:4)
  4 deep troll earth magi
  5 two-headed ogres
  An orc high priest (Orc:2)
  16 death yaks
  An occultist (D:15)
  2 vampire magi
  The ghost of nms23 the Destroyer, a novice DsCj of Vehumet (D:9)
  8 demonic crawlers
  5 tengu warriors
  3 hell hogs (Zot:1)
  2 spriggan berserkers (Depths:2)
  The ghost of Heedrag the Geomancer, a novice GrEE of Vehumet (D:8)
  15 hell knights
  2 sun demons
  10 deep elf knights
  A soul eater (Depths:1)
  Sonja (Lair:1)
  10 skysharks
  3 iron trolls
  4 sixfirhies
  A spark wasp zombie (Depths:1)
  7 pharaoh ants
  7 skeletal warriors
  3 glowing orange brains
  2 sun moths
  16 orb spiders
  17 sea snakes
  58 deep trolls
  2 flayed ghosts
  2 obsidian statues
  4 steelbarb worms
  14 harpies
  20 ironbound convokers
  6 large abominations
  8 orc knights
  20 deep elf zephyrmancers
  A shadow dragon zombie (Vaults:3)
  A steelbarb worm (shapeshifter) (Depths:4)
  8 lindwurms
  7 deep elf archers
  9 phantasmal warriors
  2 necromancers
  3 arcanists
  2 shining eyes
  26 deep elf pyromancers
  4 orc sorcerers
  27 ugly things
  21 wolf spiders
  5 oklob plants
  A salamander (shapeshifter) (D:15)
  13 cyclopes
  17 manticores
  10 fauns
  A frost giant zombie (Depths:1)
  A worldbinder (Abyss:2)
  26 moths of wrath
  A stone giant zombie (Vaults:3)
  Joseph (D:7)
  43 elephants
  6 merfolk sirens
  4 orange demons
  A water nymph (shapeshifter) (Vaults:1)
  3 black mambas
  6 torpor snails
  10 cane toads
  11 water nymphs
  12 vault sentinels
  2 smoke demons
  A freezing wraith (Crypt:1)
  2 hellions
  Psyche (D:8)
  3 gargoyles
  13 komodo dragons
  3 kobold demonologists
  2 unseen horrors
  Maggie (D:10)
  5 efreet
  3 rime drakes
  32 yaktaurs
  2 tormentors (Depths:1)
  An ancient zyme (Abyss:2)
  17 merfolk
  A hellwing (Depths:1)
  11 trolls
  9 wind drakes
  4 polar bears
  A polar bear (shapeshifter) (D:14)
  3 meliai (D:13)
  3 tengu conjurers
  A troll (shapeshifter) (D:14)
  28 tarantellas
  9 hornets
  3 glass eyes
  A wolf spider simulacrum (D:14)
  A tyrant leech (shapeshifter) (Vaults:3)
  20 dream sheep
  7 blink frogs
  A raiju (Abyss:2)
  14 snapping turtles
  44 slime creatures
  31 jumping spiders
  5 air elementals
  18 culicivoras
  5 flying skulls (Crypt:1)
  38 yaks
  5 wraiths
  A culicivora (shapeshifter) (Elf:2)
  4 spriggans (Depths:2)
  10 water elementals
  4 wyverns
  A ynoxinul (Depths:1)
  A yak (shapeshifter) (D:13)
  5 basilisks
  2 chaos spawn (Depths:2)
  A human (D:13)
  A golden eye (Slime:5)
  5 steam dragons
  3 fire elementals (Elf:1)
  5 hogs (Spider:1)
  5 neqoxecs
  5 starcursed masses (Abyss:2)
  11 small abominations
  A hog (shapeshifter) (D:12)
  A human simulacrum (Vaults:3)
  Menkaure (D:4)
  9 vampire mosquitoes
  54 redbacks
  10 wargs
  A warg (shapeshifter) (Elf:2)
  5 acid dragons
  15 water moccasins
  39 orc warriors
  6 ice beasts
  10 wolves
  A boggart (Vaults:4)
  7 ogres
  22 centaurs
  3 phantoms
  4 kobold brigands
  8 earth elementals
  12 bullfrogs
  2 scorpions
  2 water moccasin zombies (Ossuary)
  2 gnoll sergeants
  A glowing shapeshifter simulacrum (Depths:1)
  9 wights
  3 vampire bats (D:7)
  22 killer bees
  4 electric eels (D:11)
  A spriggan skeleton (Crypt:1)
  3 howler monkeys
  A jelly (D:7)
  6 hounds
  15 orc priests
  2 gnoll boudas
  A sleepcap (D:6)
  3 iguanas
  Terence (D:2)
  32 orc wizards
  2 mummies (Ossuary)
  16 gnolls
  11 adders
  2 shadow imps
  3 white imps
  5 adder zombies (Ossuary)
  4 worms
  3 dart slugs
  84 orcs
  7 ball pythons
  13 bats
  A bat skeleton (D:7)
  4 bat zombies (D:7)
  3 endoplasms
  4 giant cockroaches
  8 goblins
  9 hobgoblins
  8 jackals (D:1)
  11 kobolds
  2 quokkas (D:2)
  A ball python skeleton (Crypt:1)
  2 frilled lizards
  3 gnoll zombies (Ossuary)
  4 hobgoblin zombies (Ossuary)
  8 kobold zombies (Ossuary)
  4 orc zombies (Ossuary)
  5 rats
  A starspawn tentacle (Abyss:2)
2173 creatures vanquished.

Vanquished Creatures (others)
  A pandemonium lord (Zot:3)
  A tentacled monstrosity (Zot:3)
  A walking crystal tome (Depths:3)
  2 Orb Guardians
  A walking frostbound tome (Depths:3)
  A death cob (Zot:3)
  A deep elf sorcerer (Elf:1)
  3 draconian stormcallers
  2 green draconians
  A white draconian (Zot:2)
  A deep elf annihilator (Elf:3)
  A purple draconian (Zot:1)
  A yaktaur captain (Vaults:1)
  A deep elf death mage (Elf:3)
  A deep elf high priest (Elf:3)
  A dancing weapon (Elf:2)
  A demonic crawler (Spider:2)
  A deep elf knight (Elf:3)
  A hell knight (Depths:2)
  A deep troll (Vaults:1)
  An orb spider (Spider:1)
  An ironbound convoker (Vaults:1)
  4 deep elf zephyrmancers
  A lindwurm (Vaults:2)
  An orc knight (Vaults:1)
  A deep elf pyromancer (Elf:2)
  A harpy (Shoals:3)
  A faun (Shoals:2)
  A vault sentinel (Vaults:4)
  3 yaktaurs (Vaults:4)
  A tarantella (Spider:1)
  A culicivora (Spider:4)
  An orc warrior (D:9)
  A black bear (D:5)
  A bullfrog (Lair:2)
  An orc priest (Orc:2)
  3 orcs
  2 starspawn tentacles (Abyss:2)
50 creatures vanquished.

Grand Total: 2223 creatures vanquished

Notes
Turn   | Place    | Note
-------+----------+-------------------------------------------
     0 | D:1      | Gladio the Ghoul Gladiator began the quest for the Orb.
     0 | D:1      | Reached XP level 1. HP: 17/17 MP: 0/0
   103 | D:1      | Reached XP level 2. HP: 12/25 MP: 1/1
   315 | D:1      | Reached skill level 1 in Armour
   357 | D:1      | Reached XP level 3. HP: 30/30 MP: 2/2
   867 | D:2      | Reached skill level 3 in Fighting
   952 | D:2      | Reached XP level 4. HP: 34/38 MP: 3/3
  1144 | D:2      | Reached XP level 5. HP: 37/46 MP: 4/4
  1319 | D:2      | Noticed Terence
  1337 | D:2      | Killed Terence
  1911 | D:3      | Identified the "Notufrag"
  1925 | D:3      | Reached skill level 4 in Fighting
  1947 | D:3      | Found a shimmering blue altar of Sif Muna.
  1984 | D:3      | Found a bloodstained altar of Trog.
  2024 | D:3      | Found a hide-covered altar of Uskayaw.
  2157 | D:3      | Found a snail-covered altar of Cheibriados.
  2377 | D:3      | Reached XP level 6. HP: 53/53 MP: 5/5
  2769 | D:4      | Reached skill level 5 in Unarmed Combat
  2843 | D:4      | Found a sacrificial altar of Ru.
  2862 | D:4      | Became a worshipper of Ru the Awakened
  2960 | D:4      | Found an ornate altar of the Wu Jian Council.
  2960 | D:4      | Found a blossoming altar of Fedhas.
  3058 | D:4      | Found a hazy altar of Hepliaklqana.
  3447 | D:4      | Noticed Menkaure
  3457 | D:4      | Killed Menkaure
  3458 | D:4      | Reached skill level 5 in Fighting
  3458 | D:4      | Reached XP level 7. HP: 53/61 MP: 6/6
  3514 | D:5      | Entered Level 5 of the Dungeon
  3514 | D:5      | Found a staircase to the Ecumenical Temple.
  3514 | D:5      | Found a basalt altar of Yredelemnul.
  3531 | Temple   | Entered the Ecumenical Temple
  3591 | D:5      | Found a sand-covered staircase.
  3597 | Ossuary  | Entered an ossuary
  3733 | Ossuary  | Gained mutation: You are somewhat inexperienced. (-1 XL)
                  | [Ru sacrifice]
  3733 | Ossuary  | Reached XP level 6. HP: 57/57 MP: 5/5
  3733 | Ossuary  | Reached * piety under Ru
  3843 | D:5      | Reached skill level 6 in Fighting
  3843 | D:5      | Reached XP level 7. HP: 63/63 MP: 6/6
  3901 | D:5      | Found a stormy altar of Qazlal.
  4404 | D:5      | Reached skill level 5 in Armour
  4598 | D:6      | Reached skill level 7 in Fighting
  4634 | D:6      | Reached XP level 8. HP: 51/73 MP: 7/7
  4932 | D:6      | Found a radiant altar of Vehumet.
  5117 | D:7      | Reached skill level 1 in Shields
  5188 | D:7      | Found a shimmering altar of Xom.
  5403 | D:7      | Found an ancient bone altar of Kikubaaqudgha.
  5486 | D:7      | Noticed Joseph
  5504 | D:7      | Killed Joseph
  5505 | D:7      | Reached skill level 8 in Fighting
  5594 | D:7      | Gained mutation: You cannot train Dodging skill. [Ru
                  | sacrifice]
  5594 | D:7      | Reached ** piety under Ru
  5594 | D:7      | Reached *** piety under Ru
  5847 | D:8      | Identified the "Rymed"
  5848 | D:8      | Found a transporter.
  5849 | D:8      | Found a transporter.
  5850 | D:8      | Noticed Heedrag's ghost (novice GrEE)
  5850 | D:8      | Noticed an efreet
  5905 | D:8      | Noticed a two-headed ogre
  5919 | D:8      | Killed a two-headed ogre
  5920 | D:8      | Reached skill level 10 in Unarmed Combat
  5920 | D:8      | Reached XP level 9. HP: 58/82 MP: 8/8
  6254 | D:8      | Noticed Psyche
  6281 | D:8      | Killed Psyche
  6604 | D:8      | Reached skill level 9 in Fighting
  6766 | D:9      | Noticed nms23's ghost (novice DsCj)
  6772 | D:9      | Found a runed translucent gate.
  6801 | D:9      | Found a runed translucent gate.
  6801 | D:9      | Found a runed translucent gate.
  7218 | D:9      | Reached XP level 10. HP: 83/91 MP: 9/9
  7236 | D:9      | Gained mutation: You are clumsy. (Dex -2) [Ru sacrifice]
  7264 | D:9      | Noticed a two-headed ogre
  7274 | D:9      | Killed a two-headed ogre
  7296 | D:9      | Noticed a two-headed ogre
  7304 | D:9      | Killed a two-headed ogre
  7305 | D:9      | Reached skill level 5 in Shields
  7475 | D:9      | Found a staircase to the Orcish Mines.
  7694 | D:10     | Entered Level 10 of the Dungeon
  7771 | D:10     | Noticed Maggie
  7787 | D:10     | Reached skill level 10 in Fighting
  7794 | D:10     | Killed Maggie
  7985 | D:10     | Found a sparkling altar of Nemelex Xobeh.
  8769 | D:11     | Noticed a two-headed ogre
  8788 | D:11     | Killed a two-headed ogre
  8843 | D:11     | Noticed a cyclops
  8879 | D:11     | Killed a cyclops
  8900 | D:11     | Reached XP level 11. HP: 101/101 MP: 10/10
  8954 | D:11     | Found a staircase to the Lair.
  9021 | D:11     | Noticed a two-headed ogre
  9036 | D:11     | Killed a two-headed ogre
  9155 | D:11     | Gained mutation: You are sensitive to extremes of
                  | temperature. (rF-, rC-) [Ru sacrifice]
  9155 | D:11     | Reached **** piety under Ru
  9155 | D:11     | Reached ***** piety under Ru
  9496 | D:11     | Reached skill level 11 in Fighting
  9673 | D:11     | HP: 5/102 [electric eel/bolt of electricity (3)]
 10003 | Gauntlet | Identified the "Ehiowul"
 10003 | D:15     | Identified the "Liywi"
 10003 | Lair:1   | Entered Level 1 of the Lair of Beasts
 10011 | Lair:1   | Noticed Sonja
 10583 | Lair:1   | Killed Sonja
 11046 | Lair:1   | Reached skill level 15 in Unarmed Combat
 11610 | Lair:2   | Noticed a death yak
 11613 | Lair:2   | Reached skill level 12 in Fighting
 11622 | Lair:2   | Killed a death yak
 11623 | Lair:2   | Reached XP level 12. HP: 76/112 MP: 11/11
 11909 | Lair:2   | Gained mutation: You cannot be stealthy. [Ru sacrifice]
 12236 | Lair:2   | Reached skill level 10 in Armour
 13195 | Lair:3   | Found a runed translucent door.
 13196 | Lair:3   | Noticed confidenceinterval's ghost (journeyman MfGl)
 13205 | Lair:3   | Found a staircase to the Shoals.
 13522 | Lair:3   | Reached skill level 13 in Fighting
 13558 | Lair:3   | Found a hole to the Spider Nest.
 13781 | Lair:3   | Noticed Fannar
 13797 | Lair:3   | Killed Fannar
 14331 | Lair:4   | Identified the "Ipteew"
 14434 | Lair:4   | Reached XP level 13. HP: 122/122 MP: 12/12
 14613 | Lair:4   | Gained mutation: You cannot study or cast Poison magic. [Ru
                  | sacrifice]
 14613 | Lair:4   | Gained mutation: You cannot study or cast Hexes magic. [Ru
                  | sacrifice]
 14613 | Lair:4   | Gained mutation: You cannot study or cast Conjurations
                  | magic. [Ru sacrifice]
 14613 | Lair:4   | Reached ****** piety under Ru
 14886 | Lair:4   | Found a viscous altar of Jiyva.
 15592 | Lair:5   | Entered Level 5 of the Lair of Beasts
 15687 | Lair:5   | Reached skill level 14 in Fighting
 16482 | Lair:5   | Identified the +4 chain mail of Toothy Miracles {Regen+}
 16753 | Lair:5   | Reached XP level 14. HP: 123/133 MP: 13/13
 17825 | D:12     | Identified the +0 robe of Grace {Int+3}
 17852 | D:12     | Identified the +4 scale mail "Jiuc" {Str-5 Dex+4}
 18535 | D:12     | Identified the amulet "Omutu" {Acrobat *Corrode Regen+
                  | Str+3 Stlth+}
 18677 | D:12     | Reached skill level 15 in Fighting
 18804 | D:13     | Found Unemp's Distillery.
 18809 | D:13     | Bought a potion of heal wounds for 75 gold pieces
 18809 | D:13     | Bought a potion of might for 60 gold pieces
 18820 | D:13     | Identified a scroll of acquirement
 18821 | D:13     | Acquired the ring of Xom's Whimsicality {Fly rElec rC++}
 19268 | D:13     | Found a bloodstained altar of Trog.
 19453 | D:13     | Found a gate to the Vaults.
 19720 | D:14     | Found a gate leading to a gauntlet.
 19753 | Gauntlet | Entered a Gauntlet
 19753 | Gauntlet | Found a transporter.
 19753 | Gauntlet | Found a transporter.
 19755 | Gauntlet | Found a transporter.
 19756 | Gauntlet | Found a transporter.
 19775 | Gauntlet | Found a transporter.
 19779 | Gauntlet | Found a runed translucent door.
 19781 | Gauntlet | Found a runed translucent door.
 19783 | Gauntlet | Found a transporter.
 19787 | Gauntlet | Found a transporter.
 19795 | Gauntlet | Found a transporter.
 19811 | Gauntlet | Found a transporter.
 19825 | Gauntlet | Found a transporter.
 19829 | Gauntlet | Found a transporter.
 19838 | Gauntlet | Found a transporter.
 20055 | Gauntlet | Identified the ring of Law {MP+9 Dex+6}
 20292 | D:14     | Noticed Rupert
 20306 | D:14     | Killed Rupert
 20307 | D:14     | Reached XP level 15. HP: 103/141 MP: 14/14
 20423 | D:14     | Identified the +1 ring mail of the Forgotten Souls {rCorr}
 21135 | D:15     | Entered Level 15 of the Dungeon
 21207 | D:15     | Reached skill level 16 in Fighting
 21292 | D:15     | Found a staircase to the Depths.
 21874 | D:15     | Found a shimmering blue altar of Sif Muna.
 22061 | Orc:1    | Entered Level 1 of the Orcish Mines
 22368 | Orc:1    | Found Taixohiu's Overcharged Wands.
 22524 | Orc:2    | Entered Level 2 of the Orcish Mines
 22587 | Orc:2    | Found a transporter.
 22619 | Orc:2    | Found a staircase to the Elven Halls.
 22719 | Orc:2    | Found a transporter.
 23057 | Orc:2    | Found Oross's Antique Weapon Boutique.
 23065 | Orc:2    | Found Atu Dim's Antique Armour Boutique.
 23413 | Orc:2    | Found Nodoacesch's Jewellery Boutique.
 23446 | Orc:2    | Found Ashiloa's General Store.
 23452 | Orc:2    | Bought a scroll of enchant armour for 105 gold pieces
 23504 | Orc:2    | Noticed Talonman3's ghost (journeyman TeAE)
 23545 | Orc:2    | Identified the ring of the Omega Point {rElec rF+ rCorr
                  | AC+4}
 23584 | Orc:2    | Killed Talonman3's ghost
 23586 | Orc:2    | Identified the +6 falchion "Embalmer" {heavy, Str+6}
 23760 | D:8      | Killed Heedrag's ghost
 23838 | D:9      | Killed nms23's ghost
 24034 | Lair:3   | Killed confidenceinterval's ghost
 24115 | Spider:1 | Entered Level 1 of the Spider Nest
 24115 | Spider:1 | Noticed Jorgrun
 24179 | Spider:1 | HP: 3/138 [jorogumo (4)]
 24180 | Spider:1 | Noticed Nikola
 24241 | Lair:3   | Killed Jorgrun
 24242 | Lair:3   | Reached XP level 16. HP: 123/152 MP: 6/15
 25060 | Lair:3   | Killed Nikola
 25082 | Spider:1 | Identified the +10 ring mail of Gluttony {+Blink rPois
                  | Regen+ Stlth-}
 25257 | Spider:1 | Noticed Kirke
 25287 | Spider:1 | Killed Kirke
 25700 | Spider:2 | Reached skill level 17 in Fighting
 26230 | Spider:2 | Noticed Arachne
 26248 | Spider:2 | Killed Arachne
 27365 | Spider:3 | Identified the +3 robe of Lightning Storm {Will+ Int+3}
 27523 | Spider:3 | Identified the amulet of the Distant Future {Acrobat Int+2
                  | Dex+2}
 28047 | Spider:4 | Entered Level 4 of the Spider Nest
 28085 | Spider:4 | Reached XP level 17. HP: 116/163 MP: 16/16
 28245 | Spider:4 | Reached skill level 18 in Fighting
 28543 | Spider:4 | Noticed Bai Suzhen
 28699 | Spider:4 | Killed Bai Suzhen
 28700 | Spider:4 | Reached skill level 5 in Throwing
 29950 | Spider:4 | Got a gossamer rune of Zot
 30088 | Shoals:1 | Entered Level 1 of the Shoals
 30110 | Lair:3   | Reached skill level 15 in Armour
 30886 | Shoals:1 | Found Yjuisor's CLEARANCE SALE!.
 31370 | Shoals:2 | Reached skill level 19 in Fighting
 32025 | Shoals:3 | Noticed Mineep's ghost (adept TrSh)
 32025 | Shoals:3 | Found a runed translucent door.
 32085 | Shoals:3 | Reached XP level 18. HP: 147/176 MP: 17/17
 33342 | Shoals:3 | Killed Mineep's ghost
 33366 | Shoals:4 | Entered Level 4 of the Shoals
 33387 | Shoals:4 | Found Lbugid's Luxury Loot.
 33698 | Shoals:4 | Got a barnacled rune of Zot
 33762 | Shoals:4 | Identified the +4 great sword of Hacking and Slashing
                  | {antimagic, *Rage Str+2 Dex+3}
 33916 | Shoals:4 | Identified the +5 ring mail of Leaves {Str+3 Dex+3}
 33966 | Shoals:4 | Noticed Polyphemus
 34012 | Shoals:4 | Killed Polyphemus
 35153 | Vaults:1 | Entered Level 1 of the Vaults
 35227 | Vaults:1 | Reached skill level 20 in Fighting
 36164 | Vaults:1 | Paralysed by a sphinx for 4 turns
 36178 | Vaults:1 | Reached XP level 19. HP: 44/183 MP: 18/18
 36520 | Vaults:1 | Identified the +0 chain mail of the Untouchables {rCorr}
 36526 | Vaults:1 | Identified the +7 morningstar of Fragile Peace {drain,
                  | Str+5}
 37467 | Vaults:2 | Identified the +3 ring mail of the Salamander {Rampage rN+
                  | Regen+}
 37966 | Vaults:2 | Reached skill level 21 in Fighting
 38073 | Vaults:2 | Identified the +1 quarterstaff "Killer Bee's Doom" {flame,
                  | Str+7}
 38624 | Vaults:2 | Identified the +1 chain mail "Bawaaceu" {Regen+}
 39203 | Vaults:2 | Noticed Saint Roka
 39223 | Vaults:2 | Killed Saint Roka
 39293 | Vaults:2 | Found a staircase to the Crypt.
 39766 | Vaults:3 | Found Ridayhiu's General Store.
 39778 | Vaults:3 | Bought a scroll of torment for 161 gold pieces
 39992 | Vaults:3 | Noticed Jory
 40009 | Vaults:3 | Killed Jory
 40010 | Vaults:3 | Reached skill level 10 in Shields
 40315 | Vaults:3 | Found Zapisysch's Armour Shop.
 40535 | Vaults:3 | Reached XP level 20. HP: 192/198 MP: 19/19
 41335 | Vaults:4 | Noticed Sojobo
 41343 | Vaults:4 | Killed Sojobo
 41352 | Vaults:4 | Reached skill level 22 in Fighting
 42163 | Vaults:4 | Reached skill level 10 in Throwing
 42496 | Vaults:4 | Identified the +3 spear of Ceocko Exuu {antimagic, Will+}
 42537 | Vaults:4 | Identified the +1 trident of Youthful Indiscretion {freeze,
                  | Contam rF+ Str+5 SInv}
 42890 | Vaults:5 | Identified the of Kyogum
 42890 | Depths:1 | Entered Level 1 of the Depths
 43168 | Depths:1 | Found a gateway to Hell.
 43199 | Depths:1 | Identified the +6 longbow of Punishment {drain, rF+ rC+
                  | Str-2 Dex+4}
 43875 | Depths:1 | Found a runed translucent door.
 43877 | Depths:1 | Noticed Bnni's ghost (adept HOMo)
 43935 | Depths:1 | Found an iron altar of Okawaru.
 44173 | Depths:1 | Found a one-way gateway to a ziggurat.
 44549 | Depths:1 | Killed Bnni's ghost
 44743 | Depths:1 | Found a runed translucent door.
 44744 | Depths:1 | Noticed BinkBink's ghost (adept SpHu)
 44744 | Depths:1 | Noticed a golden dragon
 44745 | Depths:1 | Noticed a golden dragon
 44780 | Depths:1 | Killed a golden dragon
 44783 | Depths:1 | Killed a golden dragon
 44784 | Depths:1 | Reached skill level 23 in Fighting
 44784 | Depths:1 | Reached XP level 21. HP: 165/211 MP: 20/20
 44792 | Depths:1 | Killed BinkBink's ghost
 44931 | Depths:1 | Found a runed translucent door.
 44935 | Depths:1 | Noticed Morbidden's ghost (adept TrFi)
 44940 | Depths:1 | Identified the +0 scale mail "Weneg" {rElec Will+}
 44967 | Depths:1 | Killed Morbidden's ghost
 45209 | Depths:2 | Found a one-way gate leading to the halls of Pandemonium.
 45908 | Depths:2 | Found a one-way gate to the infinite horrors of the Abyss.
 46127 | Depths:2 | Found a portal to a secret trove of treasure.
 46222 | Depths:2 | You paid a toll of 5 scrolls of fog to enter a treasure
                  | trove
 46223 | Trove    | Entered a treasure trove
 46225 | Trove    | Found the +7 Kryia's mail coat {PotionHeal*2 rC+}
 46756 | Depths:3 | Identified the "Ytun"
 47268 | Depths:3 | Identified the +3 leather armour of Halew {Contam Will+++
                  | rCorr Str-2}
 47284 | Depths:3 | Acquired a manual of Throwing
 47516 | Depths:3 | Identified the blade talisman of the Shishi {Str+6 Dex+3}
 47703 | Depths:3 | Identified the +3 war axe of Yeast {freeze, Str+5}
 47716 | Depths:3 | Noticed a golden dragon
 47869 | Depths:3 | Reached skill level 24 in Fighting
 47927 | Depths:3 | Noticed a golden dragon
 47933 | Depths:3 | Killed a golden dragon
 47936 | Depths:3 | Noticed a golden dragon
 47951 | Depths:3 | Killed a golden dragon
 47961 | Depths:3 | Killed a golden dragon
 48379 | Depths:4 | Entered Level 4 of the Depths
 48682 | Depths:4 | Reached XP level 22. HP: 199/223 MP: 21/21
 48867 | Depths:4 | Found a gate to the Realm of Zot.
 49002 | Depths:4 | Found an opulent altar of Gozag.
 49003 | Depths:4 | Found a shimmering altar of Xom.
 49004 | Depths:4 | Found an ornate altar of the Wu Jian Council.
 49018 | Depths:4 | Noticed a caustic shrike
 49023 | Depths:4 | Killed a caustic shrike
 49291 | Depths:4 | Noticed a golden dragon
 49300 | Depths:4 | Killed a golden dragon
 49404 | Depths:4 | Noticed a caustic shrike
 49414 | Depths:4 | Killed a caustic shrike
 49645 | Depths:4 | Noticed a caustic shrike
 49659 | Depths:4 | Killed a caustic shrike
 49939 | Depths:4 | Noticed a golden dragon
 49953 | Depths:4 | Killed a golden dragon
 50001 | Depths:4 | Noticed a caustic shrike
 50011 | Depths:4 | Killed a caustic shrike
 50021 | Depths:4 | Reached skill level 25 in Fighting
 50315 | Depths:4 | Noticed a juggernaut
 50332 | Depths:4 | Killed a juggernaut
 50899 | Lair:4   | Found a staircase to the Slime Pits.
 51051 | Elf:1    | Identified the "Uluinot"
 51051 | Desolati | Identified the of Muufucra
 51051 | Elf:3    | Identified the "Seivifoha"
 51051 | Elf:3    | Identified the "Empiuc"
 51051 | Elf:3    | Identified the of Taum
 51051 | Elf:3    | Identified the "Nowihaw"
 51051 | Elf:3    | Identified the "Zaoxy"
 51051 | Zot:5    | Identified the of Tyblaog
 51051 | Slime:1  | Entered Level 1 of the Pits of Slime
 51273 | Elf:1    | Entered Level 1 of the Elven Halls
 51273 | Elf:1    | Found a runed translucent gate.
 51273 | Elf:1    | Found a runed translucent gate.
 51273 | Elf:1    | Found a runed translucent gate.
 51273 | Elf:1    | Found a runed translucent gate.
 51273 | Elf:1    | Found a runed translucent gate.
 51273 | Elf:1    | Found a runed translucent gate.
 51274 | Elf:1    | Found a runed translucent door.
 51527 | Elf:1    | Found a runed translucent door.
 51576 | Abyss:2  | Cast into level 2 of the Abyss (a deep elf sorcerer)
 51599 | Abyss:2  | Found a corrupted altar of Lugonu.
 51602 | Abyss:2  | Found a corrupted altar of Lugonu.
 51602 | Abyss:2  | Found a corrupted altar of Lugonu.
 51656 | Abyss:2  | Found a corrupted altar of Lugonu.
 51662 | Abyss:2  | Found a corrupted altar of Lugonu.
 51662 | Abyss:2  | Found a corrupted altar of Lugonu.
 51729 | Abyss:2  | Found a corrupted altar of Lugonu.
 51800 | Elf:1    | Escaped the Abyss
 51954 | Elf:1    | Reached XP level 23. HP: 222/234 MP: 22/22
 52611 | Elf:2    | Found Zieg's Distillery.
 52653 | Elf:2    | Paralysed by an air elemental for 1 turns
 52658 | Elf:2    | Paralysed by an air elemental for 1 turns
 52830 | Elf:2    | Found a crumbling gateway.
 52883 | Elf:2    | Found a runed translucent gate.
 52883 | Elf:2    | Found a runed translucent gate.
 52900 | Elf:2    | Found a runed translucent gate.
 52924 | Elf:2    | Paralysed by an air elemental for 1 turns
 52926 | Elf:2    | Paralysed by an air elemental for 1 turns
 53815 | Elf:3    | Entered Level 3 of the Elven Halls
 54137 | Elf:3    | Paralysed by an air elemental for 1 turns
 54143 | Elf:3    | Paralysed by an air elemental for 1 turns
 54146 | Elf:3    | Found a huge runed gate.
 54146 | Elf:3    | Found a huge runed gate.
 54146 | Elf:3    | Found a huge runed gate.
 54146 | Elf:3    | Found a huge runed gate.
 54146 | Elf:3    | Found a huge runed gate.
 54146 | Elf:3    | Found a huge runed gate.
 54146 | Elf:3    | Found a huge runed gate.
 54146 | Elf:3    | Found a huge runed gate.
 54153 | Elf:3    | Found a huge runed gate.
 54154 | Elf:3    | Found a huge runed gate.
 54164 | Elf:3    | Found a huge runed gate.
 54164 | Elf:3    | Found a huge runed gate.
 54164 | Elf:3    | Found a huge runed gate.
 54164 | Elf:3    | Found a huge runed gate.
 54164 | Elf:3    | Found a huge runed gate.
 54164 | Elf:3    | Found a huge runed gate.
 54165 | Elf:3    | Found a huge runed gate.
 54166 | Elf:3    | Found a huge runed gate.
 54167 | Elf:3    | Found a huge runed gate.
 54175 | Elf:3    | Found a huge runed gate.
 54175 | Elf:3    | Found a huge runed gate.
 54175 | Elf:3    | Found a huge runed gate.
 54175 | Elf:3    | Found a huge runed gate.
 54175 | Elf:3    | Found a huge runed gate.
 54175 | Elf:3    | Found a huge runed gate.
 54178 | Elf:3    | Found a huge runed gate.
 54179 | Elf:3    | Found a huge runed gate.
 54180 | Elf:3    | Found a huge runed gate.
 54189 | Elf:3    | Found a huge runed gate.
 54189 | Elf:3    | Found a huge runed gate.
 54189 | Elf:3    | Found a huge runed gate.
 54189 | Elf:3    | Found a huge runed gate.
 54189 | Elf:3    | Found a huge runed gate.
 54189 | Elf:3    | Found a huge runed gate.
 54190 | Elf:3    | Found a huge runed gate.
 54191 | Elf:3    | Found a huge runed gate.
 54558 | Elf:3    | Paralysed by an air elemental for 1 turns
 54592 | Elf:3    | Reached skill level 26 in Fighting
 54601 | Elf:3    | Reached skill level 15 in Throwing
 54746 | Elf:2    | Bought a potion of heal wounds for 60 gold pieces
 54746 | Elf:2    | Bought a potion of cancellation for 96 gold pieces
 54746 | Elf:2    | Bought a potion of curing for 36 gold pieces
 54746 | Elf:2    | Bought 2 potions of haste for 240 gold pieces
 54831 | Elf:3    | Identified the +1 ring mail of Athral {Int+3}
 55200 | Elf:3    | Identified the amulet of the Platytaur {RegenMP rPois rF+
                  | Str+4}
 55364 | Elf:3    | Identified the +4 short sword of Kost {pain, Int+3}
 55615 | Elf:3    | Identified the +10 shortbow of Moderation {flame, +Blink
                  | rC+ MP+9}
 57142 | Slime:5  | Entered Level 5 of the Pits of Slime
 57373 | Slime:5  | Found a viscous altar of Jiyva.
 57373 | Slime:5  | Noticed the Royal Jelly
 57399 | Slime:5  | Killed the Royal Jelly
 57464 | Slime:5  | Found the ring of the Tortoise {AC+8}
 57524 | Slime:5  | Identified the +6 glaive of the King {drain, rElec rPois
                  | Dex+4}
 57531 | Slime:5  | Reached XP level 24. HP: 235/239 MP: 22/22
 57591 | Slime:5  | Identified the ring of Wu Jian's Wrath {+Blink rCorr Int+6
                  | Dex+2 SInv}
 57595 | Slime:5  | Got a slimy rune of Zot
 57745 | Slime:5  | Identified the ring of Amelioration {rN+ Str+6 Dex+6}
 57766 | Slime:5  | Identified the amulet of Birdsong {Spirit rN+ Str+3}
 57851 | Slime:5  | Identified the +4 ring mail of Xicopn {-Tele Harm rElec
                  | Int+3}
 59139 | Zot:1    | Entered Level 1 of the Realm of Zot
 59422 | Zot:1    | Identified the +1 helmet of Modesty {rPois Regen+ Str+3}
 60001 | Zot:1    | Reached skill level 27 in Fighting
 61163 | Zot:2    | Reached skill level 15 in Shields
 61830 | Zot:3    | You fall into a shaft and drop 1 floor!
 61831 | Zot:4    | Found an ancient bone altar of Kikubaaqudgha.
 61961 | Zot:4    | Found the +4 dragonskin cloak
 61961 | Zot:4    | Noticed Tiamat
 61991 | Zot:4    | HP: 9/249 [Tiamat/+1 vampiric bardiche (41)]
 62007 | Zot:4    | Killed Tiamat
 62602 | Zot:3    | Reached XP level 25. HP: 243/244 MP: 22/22
 62629 | Zot:3    | Found a hide-covered altar of Uskayaw.
 62710 | Zot:3    | Found a corrupted altar of Lugonu.
 62922 | Zot:3    | Found a shimmering blue altar of Sif Muna.
 63216 | Zot:4    | Found an ornate altar of the Wu Jian Council.
 63224 | Zot:4    | Found a bloodstained altar of Trog.
 63319 | Zot:4    | Found a sacrificial altar of Ru.
 63587 | Zot:5    | Entered Level 5 of the Realm of Zot
 63589 | Zot:5    | Found a hide-covered altar of Uskayaw.
 64688 | Crypt:1  | Entered Level 1 of the Crypt
 64718 | Crypt:1  | Paralysed by something for 4 turns
 64852 | Crypt:1  | Reached XP level 26. HP: 266/266 MP: 22/22
 66986 | Zot:5    | Noticed an orb of fire
 67000 | Zot:5    | Killed an orb of fire
 67603 | Zot:5    | Noticed an ancient lich
 67606 | Zot:5    | Noticed an orb of fire
 67628 | Zot:5    | a Killer Klown changed into a juggernaut
 67628 | Zot:5    | Noticed a juggernaut
 67632 | Zot:5    | Killed an orb of fire
 67646 | Zot:4    | Killed an ancient lich
 67652 | Zot:4    | Killed a juggernaut
 67762 | Zot:5    | Noticed a dread lich
 67794 | Zot:5    | Killed a dread lich
 68845 | Zot:5    | Got the Orb of Zot
 68919 | Zot:4    | Noticed Asioqomoen the pandemonium lord
 68970 | Zot:3    | Killed Asioqomoen the pandemonium lord
 69740 | D:$      | Escaped with the Orb!

Illustrated notes

Levels and vault maps discovered:
D:1:      elethiomel_arrival_shortcut, layout_basic
D:2:      minmay_razor_zed, layout_loops_ring, uniq_terence
D:3:      layout_rooms, nzn_overflow_gifts_of_might_and_magic,
          nicolae_uskayaw_murder_on_the_dancefloor,
          mainiacjoe_overflow_six_doors_small, minmay_gold_behind_fungi
D:4:      layout_cave_pods, nicolae_hepliaklqana_hazy_memory,
          mainiacjoe_overflow_surrounded_room, gammafunk_temple_overflow_wave,
          minmay_misc_feat_rugged, lightli_corner_chamber, uniq_menkaure
D:5:      layout_rooms, mainiacjoe_overflow_small_starburst,
          lemuel_coloured_pillars_altar, minmay_temple_entry_overgrown,
          enter_ossuary_2, lemuel_flame_loot_1
D:6:      layout_cave_pools, gammafunk_temple_overflow_statue
D:7:      layout_loops_ring, xom_teletrap_fun, kennysheep_vampire_church,
          serial_rivers, chequers_serial_rivers_micro_e,
          chequers_serial_rivers_micro_d, chequers_serial_rivers_micro_e,
          chequers_serial_rivers_large_a, chequers_serial_rivers_room_a,
          uniq_joseph
D:8:      layout_loops_ring, nzn_ghost_randoct, uniq_psyche
D:9:      layout_stronghold, kennysheep_orc_monster_closet_entryway,
          gammafunk_ghost_split
D:10:     layout_cave_pods, nemelex_xobeh_ov_fountains_minmay,
          minmay_fractal_squares_gapless_5, uniq_maggie
D:11:     layout_basic, hellmonk_lair_entry_icy
D:12:     layout_loops_corners, minmay_the_grid_2x2 [minmay_the_grid_doors,
          minmay_the_grid_all_tris, minmay_the_grid_tri_star,
          minmay_the_grid_prize_trominoes]
D:13:     layout_stronghold, hellmonk_vaults_keyhole, serial_shops,
          nicolae_shop_just_a_little_nook, trog_ov_bears_minmay
D:14:     kennysheep_ambush_hall, layout_basic, gauntlet_entry_generic,
          roderic_three_in_a_row, uniq_rupert
D:15:     grunt_enter_depths_giant_problem, layout_loops_ring,
          chequers_decorated_corner, led_sif_book
Temple:   hellmonk_temple_beads
Lair:1:   layout_gridlike, lemuel_another_geyser, uniq_sonja
Lair:2:   layout_cave_pods, serial_bayou_pond_a, chequers_serial_rivers_small_b,
          serial_bayou_pond_c, beast_lair_carwin_10, infiniplex_staircase_pool
Lair:3:   layout_chaotic_city, minmay_shoals_entry_beasts,
          spider_nest_entry_web_field, ebering_ghost_inner_flame,
          pdpol_lair_neglected_garden, chequers_serial_rivers_marsh,
          minmay_shattered_shrine, serial_bayou_shore_b, uniq_fannar
Lair:4:   beast_lair_carwin_large_1, layout_cave_pods,
          minmay_slime_entry_oklob_enclosed, kennysheep_catoblepas_arena
Lair:5:   gammafunk_lair_ancient_temple, layout_cellular_growth
Shoals:1: layout_shoals, nicolae_shop_clearance
Shoals:2: layout_shoals
Shoals:3: layout_shoals, hellmonk_ghost_happy_afterlife
Shoals:4: shoals_end_simple, layout_shoals, nicolae_alphabet_shops,
          nicolae_shoals_cliffside_cave, uniq_polyphemus
Spider:1: layout_spider_delve, hangedman_spider_tarantella_strand, uniq_kirke,
          uniq_jorgrun, uniq_nikola
Spider:2: layout_cave_pods, hellmonk_spider_spawner, uniq_arachne
Spider:3: layout_cave_pods
Spider:4: spider_rune_water, uniq_bai_suzhen
Slime:1:  layout_caves, nicolae_slime_getting_an_eyeful
Slime:2:  layout_caves
Slime:3:  layout_caves
Slime:4:  layout_caves, cheibrodos_slime_lost_civilization_4
Slime:5:  slime_pit_nicolae_block_by_block
Orc:1:    layout_caves, nicolae_shop_overcharged_wands
Orc:2:    grunt_orc_cross, layout_diamond_mine,
          gammafunk_ghost_berserking_beasts
Elf:1:    nicolae_elf_arrival_dilemma, layout_geoelf_grid,
          minmay_elf_demonology, grunt_ministairs_2, feat_on_display
Elf:2:    elven_hall_of_blades_hangedman_original
          [nicolae_blade_entry_pointy_end], layout_loops_corners,
          portal_desolation_entry_nicolae_forbidding_blocks,
          dreamdust_wishing_well, nicolae_take_the_stairs, grunt_ministairs_1
Elf:3:    grunt_elf_hall_asides, layout_geoelf_octagon, door_vault
Vaults:1: dpeg_vaults_waves, ontoclasm_vaults_hangar, grunt_vaults_swirl,
          nicolae_vaults_apartment_1, nicolae_vaults_double_plus_1,
          grunt_vaults_bifocal, hangedman_vaults_cutoff, layout_vaults_omnigrid
Vaults:2: minmay_crypt_entry_simple_plaza, nicolae_vaults_network_periphery,
          vaults_dpeg_spiral, nicolae_vaults_double_plus_3,
          nicolae_vaults_little_squares_6, ontoclasm_vaults_ring_large,
          hangedman_vaults_stitches, ontoclasm_vaults_hangar,
          hangedman_vaults_corner_blocks, nicolae_vaults_trapezoid_1,
          nicolae_vaults_weapon_check, dpeg_vaults_monster_box,
          layout_vaults_chaotic_city, uniq_saint_roka
Vaults:3: nicolae_vaults_trapezoid_2, vaults_room_guarded_vault,
          nicolae_vaults_taking_the_gang_shopping, nicolae_vaults_rhombus_6,
          v_misc_15, ontoclasm_vaults_tryst, nicolae_vaults_tangram_2,
          nicolae_vaults_alarming, v_rooms_4, v_rooms_1,
          nicolae_vaults_closet_pinwheel_3, hangedman_vaults_pinch,
          nicolae_vaults_tetromino_T_1, vaults_room_octagon,
          layout_vaults_omnibox, serial_shops, nicolae_shop_trees, uniq_margery,
          uniq_jory
Vaults:4: v_misc_12, nicolae_vaults_network_quinsquares
          [nicolae_vaults_network_quincunx_subvault,
          nicolae_vaults_network_quincunx_subvault,
          nicolae_vaults_network_quincunx_subvault,
          nicolae_vaults_network_quincunx_subvault], grunt_vaults_focal,
          ontoclasm_vaults_loading_screen, nicolae_vaults_shrinking_rooms_1,
          nicolae_vaults_house_1, ontoclasm_vaults_ligature,
          nicolae_vaults_heist, nicolae_vaults_two_Ls,
          nicolae_vaults_more_shelving_1, nicolae_vaults_little_squares_2,
          ontoclasm_vaults_loading_screen, nicolae_vaults_variable_pillar_hall,
          layout_vaults_omnicross, uniq_sojobo
Crypt:1:  layout_regular_city, ebering_ghost_xom, nicolae_crypt_cryptocurrency,
          nicolae_crypt_crumbling_hall, lemuel_upstairs_altar,
          grunt_crypt_arrival_webbed
Depths:1: layout_gridlike, enter_ziggurat_c, nicolae_elyvilon_temple_path,
          grunt_hell_entry_demonic_statue,
          muffindrake_ghost_three_little_ghosts, columned_hall_lemuel,
          kennysheep_doodads, hellmonk_okawaru_the_only_friend_you_need
Depths:2: minmay_haunted_quarter, layout_twisted_cross,
          nicolae_trove_entry_crystal, pf_hell_entry_tar_spiral, serial_sigils,
          serial_sigils_hangedman_stare, serial_sigils_hangedman_clutch,
          serial_sigils_hangedman_quiver, serial_sigils_hangedman_scratch,
          serial_sigils_hangedman_confine, serial_sigils_hangedman_quiver,
          rand_demon_pan_entry_5, minmay_room_of_horrors
Depths:3: minmay_nine_rooms, layout_basic, infiniplex_staircase_x, hell_entry,
          abyss_entry, kennysheep_nondecorative_pillar
Depths:4: hangedman_slaughterboxes, hell_entry
Zot:1:    layout_gridlike, grunt_megastairs_5
Zot:2:    layout_cathedral_of_symmetry, skrybe_zot_glass_1
Zot:3:    layout_concentric_octagons, hangedman_feature_mirror,
          regret_index_zotdec_abyssal_star_handed, lemuel_baited_zot_trap
Zot:4:    layout_misc_corridors, regret_index_zotdec_zees, uniq_tiamat
Zot:5:    layout_basic, basic_altar

Skill      XL: |  1  2  3  4  5  6  7  8  9 10 11 12 13 14 15 16 17 18 19 20 21 22 23 24 25 26 |
---------------+-------------------------------------------------------------------------------+-----
Armour         | 1 2 3 5 6 7 8 9 11 12 13 14 15 16 17 18 19 20 21 | 21.0
Fighting       | 3 4 6 7 8 9 10 12 13 14 15 16 17 19 20 21 23 24 25 26 27 | 27.0
Unarmed Combat | 4 5 8 10 11 13 15 17 19 20 22 23 24 25 | 25.9
Shields        | 3 4 5 6 7 9 10 11 12 13 14 15 16 | 16.9
Dodging        | 0 |  0.0
Throwing       | 4 6 7 9 10 12 14 15 16 17 18 | 18.2

Action                     |  1- 3 |  4- 6 |  7- 9 | 10-12 | 13-15 | 16-18 | 19-21 | 22-24 | 25-27 || total
---------------------------+-------+-------+-------+-------+-------+-------+-------+-------+-------++-------
  Melee: Unarmed           |   117 |   246 |   515 |   724 |  1176 |  1442 |  1401 |  1726 |   570 ||  7917
         Punch             |       |     8 |    12 |       |       |       |       |       |       ||    20
  Throw: Throwing net      |       |     1 |       |       |       |       |       |       |       ||     1
         Dart              |       |       |     6 |     4 |       |       |       |       |       ||    10
         Javelin           |       |       |     1 |     9 |       |    23 |    39 |    36 |       ||   108
         Boomerang         |       |       |       |       |       |    17 |       |       |     6 ||    23
 Invoke: Sacrifice Experie |       |     1 |       |       |       |       |       |       |       ||     1
         Sacrifice Nimblen |       |       |     1 |       |       |       |       |       |       ||     1
         Sacrifice Purity  |       |       |       |     1 |       |       |       |       |       ||     1
         Sacrifice Resista |       |       |       |     1 |       |       |       |       |       ||     1
         Apocalypse        |       |       |       |     1 |     4 |     4 |     4 |     4 |     1 ||    18
         Sacrifice Stealth |       |       |       |     1 |       |       |       |       |       ||     1
         Sacrifice Arcana  |       |       |       |       |     1 |       |       |       |       ||     1
         Draw Out Power    |       |       |       |       |     1 |     1 |       |       |       ||     2
  Evoke: Wand              |       |       |       |     1 |       |       |       |       |    17 ||    18
         Box of beasts     |       |       |       |     1 |       |       |       |       |       ||     1
         Tin of tremorston |       |       |       |       |     1 |       |       |       |       ||     1
         Phantom mirror    |       |       |       |       |       |       |       |     1 |       ||     1
    Use: Scroll            |       |    10 |     3 |     8 |    13 |     5 |    11 |     8 |     9 ||    67
         Potion            |       |       |     1 |     7 |     6 |     3 |       |     9 |     3 ||    29
   Stab: Distracted        |       |       |     1 |     2 |     5 |     6 |     8 |     9 |     2 ||    33
         Invisible         |       |       |     1 |     2 |     3 |    13 |    10 |     7 |     2 ||    38
         Paralysed         |       |       |       |     6 |     8 |     9 |    10 |     4 |       ||    37
         Petrified         |       |       |       |     2 |       |     1 |       |       |       ||     3
 Armour: Chain mail        |   111 |    44 |       |       |   482 |   125 |       |       |       ||   762
         Leather armour    |     2 |       |       |       |       |       |       |       |       ||     2
         Scale mail        |       |   118 |   153 |       |       |       |       |       |       ||   271
         Plate armour      |       |       |   204 |   542 |   179 |       |       |       |       ||   925
         Ring mail         |       |       |       |       |       |   422 |       |       |       ||   422
         Storm dragon scal |       |       |       |       |       |   665 |   478 |       |       ||  1143
         Gold dragon scale |       |       |       |       |       |       |   286 |  1163 |   368 ||  1817
  Dodge: Dodged            |    54 |   106 |   223 |   311 |   392 |   409 |   182 |   183 |    54 ||  1914
  Block: Buckler           |       |       |    50 |   227 |   387 |   491 |       |       |       ||  1155
         Reflection        |       |       |       |       |    28 |    24 |    32 |    49 |     5 ||   138
         Kite shield       |       |       |       |       |       |    19 |   609 |   810 |   289 ||  1727
         Tower shield      |       |       |       |       |       |       |       |       |    20 ||    20

Table legend: (Time is in decaauts)
 A = Elapsed time spent in this place.
 B = Non-inter-level travel time spent in this place.
 C = Inter-level travel time spent in this place.
 D = Time resting spent in this place.
 E = Time spent auto-exploring this place.
 F = Levels seen in this place.
 G = Mean time per level.
                   A        B        C        D        E       F      G
               +--------+--------+--------+--------+--------+-----+--------+
         Total |  67688 |  57548 |  10140 |   2651 |  42249 |  57 | 1187.5 |
       Dungeon |  16090 |  13346 |   2744 |     10 |  10573 |  15 | 1072.7 |
        Temple |      1 |      1 |      0 |      0 |      0 |   1 |    1.0 |
          Lair |   8768 |   7677 |   1091 |    657 |   5717 |   5 | 1753.6 |
        Shoals |   4751 |   4472 |    279 |    454 |   3045 |   4 | 1187.8 |
   Spider Nest |   4973 |   4145 |    828 |     83 |   2905 |   4 | 1243.2 |
    Slime Pits |   2235 |   2018 |    217 |    430 |   1204 |   5 |  447.0 |
  Orcish Mines |   1560 |   1423 |    137 |      0 |   1079 |   2 |  780.0 |
   Elven Halls |   4472 |   3613 |    859 |      0 |   2716 |   3 | 1490.7 |
        Vaults |   7703 |   7050 |    653 |    277 |   5598 |   4 | 1925.8 |
         Crypt |    249 |    176 |     73 |      0 |    100 |   1 |  249.0 |
        Depths |   8972 |   7120 |   1852 |    136 |   5466 |   4 | 2243.0 |
           Zot |   7066 |   5663 |   1403 |    568 |   3620 |   5 | 1413.2 |
         Abyss |    203 |    203 |      0 |      0 |      0 |   1 |  203.0 |
         Trove |     42 |     42 |      0 |      0 |      7 |   1 |   42.0 |
       Ossuary |    217 |    217 |      0 |     35 |     76 |   1 |  217.0 |
      Gauntlet |    380 |    380 |      0 |      0 |    140 |   1 |  380.0 |
               +--------+--------+--------+--------+--------+-----+--------+

Top non-repeatable levels by time:
  Lair:3: 2864 daAuts
Depths:4: 2804 daAuts
Depths:1: 2566 daAuts
Vaults:2: 2481 daAuts
   Zot:5: 2336 daAuts
   Elf:3: 2152 daAuts
Vaults:1: 2009 daAuts
Depths:3: 1908 daAuts
Spider:4: 1858 daAuts
    D:11: 1839 daAuts
Vaults:4: 1760 daAuts
Depths:2: 1693 daAuts
  Lair:5: 1672 daAuts
  Lair:4: 1564 daAuts
 Slime:5: 1475 daAuts
